 Dungeon Crawl Stone Soup version 0.20.1-1-g8b1a95d (webtiles) character file.

1860 zezblit the Carver (level 8, -12/71 HPs)
             Began as a Minotaur Fighter on Oct 25, 2017.
             Was a Believer of Trog.
             Mangled by a shadow (17 damage)
             ... on level 7 of the Dungeon.
             The game lasted 00:36:30 (5100 turns).

zezblit the Carver (Minotaur Fighter)               Turns: 5100, Time: 00:36:31

Health: -12/71     AC: 19    Str: 26      XL:     8   Next: 89%
Magic:  7/7        EV:  6    Int:  5      God:    Trog [**....]
Gold:   427        SH: 12    Dex:  7 (10) Spells: 7/7 levels left

rFire    . . .     SeeInvis .   v - +3 long sword
rCold    + . .     Gourm    .   c - +1 shield
rNeg     . . .     Faith    .   j - +0 plate armour
rPois    .         Spirit   .   (helmet unavailable)
rElec    .         Reflect  .   k - +0 cloak
rCorr    +         Harm     .   m - +1 pair of gloves
MR       .....                  (no boots)
Stlth    ..........             (no amulet)
Regen    0.3/turn               B - +3 ring of strength
MPRegen  0.1/turn               r - ring of resist corrosion

@: no status effects
A: retaliatory headbutt, horns 3, thin metallic scales 1, cold resistance 1,
deterioration 1
a: Berserk, Trog's Hand, Burn Spellbooks, Renounce Religion


You were on level 7 of the Dungeon.
You worshipped Trog.
Trog was pleased with you.
You were not hungry.

You visited 1 branch of the dungeon, and saw 7 of its levels.
You also visited: Ossuary.

You collected 427 gold pieces.

Inventory:

Hand Weapons
 a - a +2 long sword
 h - a +0 blowgun
 v - a +3 long sword (weapon)
Missiles
 o - 27 poisoned needles
 A - 4 tomahawks (quivered)
Armour
 c - a +1 shield (worn)
 e - a +0 ring mail
 j - a +0 plate armour (worn)
 k - a +0 cloak (worn)
 m - a +1 pair of gloves (worn)
 p - a +0 scale mail of fire resistance
Jewellery
 r - a ring of resist corrosion (right hand)
 B - a +3 ring of strength (left hand)
Wands
 w - a wand of scattershot (5/9)
 z - a wand of digging (13/24)
 C - a wand of flame (48/48)
Scrolls
 i - a scroll of teleportation
 n - a scroll of enchant armour
 t - a scroll of recharging
 u - a scroll of silence
 y - a scroll of holy word
Potions
 d - 2 potions of might
 l - a potion of invisibility
 x - a potion of brilliance
 E - 2 potions of haste
Comestibles
 b - 3 fruits
 f - 3 bread rations
 g - 5 meat rations


   Skills:
 + Level 6.4 Fighting
 + Level 8.7 Long Blades
 + Level 0.2 Throwing
 + Level 7.6 Armour
 + Level 0.7 Dodging
 + Level 1.0 Stealth
 + Level 7.5 Shields


You had 7 spell levels left.
You didn't know any spells.

Dungeon Overview and Level Annotations

Branches:
Dungeon (7/15)             Temple (0/1) D:6

Altars:
Dithmenos
Hepliaklqana
Nemelex Xobeh
Ru
Trog
Vehumet

Annotations:
D:7 Menkaure


Innate Abilities, Weirdness & Mutations

You reflexively headbutt those who attack you in melee.
You have a pair of large horns on your head.
You are partially covered in thin metallic scales. (AC +2)
Your flesh is cold resistant. (rC+)
Your body sometimes deteriorates upon taking damage.


Message History

You feel better. You block the shadow's attack.
You feel better. You block the shadow's attack.
Menkaure wails, "Why can't you leave me to my rest?"
Menkaure hits you!
* * * LOW HITPOINT WARNING * * *
Your body deteriorates!
You feel clumsy.
You feel better. The shadow hits you. You block Menkaure's attack.
Your shield and plate armour prevent you from hitting Menkaure.
Your headbutt misses Menkaure.
The shadow slips into darkness.
The shadow flickers and vanishes!
Deactivating autopickup; reactivate with Ctrl-A.
You block Menkaure's attack.
You barely miss Menkaure. You headbutt Menkaure!
Menkaure is severely damaged.
Menkaure hits you!
* * * LOW HITPOINT WARNING * * *
Your body deteriorates!
You feel clumsy.
The shadow strikes at you from the darkness!
You die...

##..###
###.............#
##..# ###...
##............#
##.## ##.....
###.........## #.#
....... #..########
....... #..# .......
#..# ....... #..#
..?...{######).###
.......@M........#
..................#
....########.......#
... #........# .
#..........
#..........
##......... .......


You could see Menkaure.

Vanquished Creatures
  Grinder (D:4)
  3 ice beasts
  3 ogres
  A phantom (D:4)
  A water moccasin zombie (D:6)
  3 wights (D:7)
  A howler monkey (D:4)
  A crimson imp (D:6)
  A human zombie (Ossuary)
  2 hounds (D:4)
  A centaur skeleton (D:7)
  An orc priest (D:3)
  A bullfrog skeleton (D:4)
  3 jellies
  2 orc wizards (D:4)
  An iguana (D:6)
  Natasha (thrice) (D:2)
  A worker ant (D:4)
  The ghost of Dracocage the Skirmisher, a weakling TrFi (D:3)
  5 big kobold zombies (Ossuary)
  5 mummies
  4 gnolls (D:2)
  10 adders
  An ooze (D:5)
  3 worms
  2 dart slugs
  5 leopard geckos
  9 orcs
  3 giant cockroaches
  A gnoll zombie (Ossuary)
  7 hobgoblins
  2 jackals (D:2)
  7 kobolds
  2 quokkas
  4 bats
  2 frilled lizards
  6 goblins
  A jackal zombie (Ossuary)
  3 kobold zombies (Ossuary)
  10 rats
  A rat zombie (Ossuary)
124 creatures vanquished.

Notes
Turn   | Place    | Note
-------+----------+-------------------------------------------
     0 | D:1      | zezblit the Minotaur Fighter began the quest for the Orb.
     0 | D:1      | Reached XP level 1. HP: 19/19 MP: 0/0
   546 | D:1      | Reached XP level 2. HP: 27/27 MP: 1/1
   724 | D:2      | Reached XP level 3. HP: 29/33 MP: 2/2
   826 | D:2      | Noticed Natasha
   828 | D:2      | Found a bloodstained altar of Trog.
   839 | D:2      | Killed Natasha
   839 | D:2      | Reached skill level 3 in Long Blades
   839 | D:2      | Reached XP level 4. HP: 19/40 MP: 3/3
   873 | D:2      | Became a worshipper of Trog the Wrathful
  1032 | D:2      | Noticed Natasha
  1041 | D:2      | Killed Natasha
  1055 | D:2      | Found a faded altar of an unknown god.
  1096 | D:2      | Reached XP level 5. HP: 22/47 MP: 4/4
  1106 | D:2      | Reached skill level 5 in Shields
  1282 | D:2      | Noticed Natasha
  1286 | D:2      | Killed Natasha
  1384 | D:3      | Noticed Dracocage's ghost (weakling TrFi)
  1400 | D:3      | Killed Dracocage's ghost
  1418 | D:2      | Reached skill level 5 in Armour
  2307 | D:3      | Reached XP level 6. HP: 49/53 MP: 5/5
  2479 | D:4      | Reached * piety under Trog
  2479 | D:4      | Reached skill level 4 in Long Blades
  2496 | D:4      | Found a sand-covered staircase.
  2542 | Ossuary  | Entered an ossuary
  2595 | Ossuary  | Reached skill level 5 in Fighting
  2866 | D:4      | Reached skill level 5 in Long Blades
  2866 | D:4      | Reached XP level 7. HP: 57/61 MP: 6/6
  3076 | D:4      | Reached ** piety under Trog
  3129 | D:4      | Noticed Grinder
  3143 | D:4      | Killed Grinder
  3280 | D:4      | Reached skill level 6 in Long Blades
  3395 | D:5      | Entered Level 5 of the Dungeon
  3411 | D:5      | Got a dazzling scale mail
  3412 | D:5      | Identified the cursed +1 scale mail "Suaz" {rF- rCorr Str+3 Int+3} (You found it on level 5 of the Dungeon)
  3414 | D:5      | Found a shadowy altar of Dithmenos.
  3529 | D:5      | Reached XP level 8. HP: 50/70 MP: 7/7
  3648 | D:5      | Reached skill level 7 in Long Blades
  3720 | D:5      | Found a sparkling altar of Nemelex Xobeh.
  3721 | D:5      | Found a sacrificial altar of Ru.
  3751 | D:5      | Found a radiant altar of Vehumet.
  3965 | D:6      | Gained mutation: Your body sometimes deteriorates upon taking damage. [potion of mutation]
  3965 | D:6      | Gained mutation: You have a pair of large horns on your head. [potion of mutation]
  3965 | D:6      | Gained mutation: Your flesh is cold resistant. (rC+) [potion of mutation]
  3965 | D:6      | Gained mutation: You are partially covered in thin metallic scales. (AC +2) [potion of mutation]
  4073 | D:6      | Found a staircase to the Ecumenical Temple.
  4270 | D:6      | Found a hazy altar of Hepliaklqana.
  4516 | D:7      | Reached skill level 8 in Long Blades
  4979 | D:7      | Reached skill level 1 in Stealth
  5082 | D:7      | Noticed Menkaure
  5100 | D:7      | Mangled by a shadow

Skill      XL: |  1  2  3  4  5  6  7  8 |
---------------+-------------------------+-----
Fighting       | 4 5 6 |  6.4
Shields        | 4 5 6 7 |  7.5
Armour         | 4 5 6 7 |  7.6
Long Blades    | 3 5 6 8 |  8.7
Stealth        | 1 |  1.0
Throwing       | |  0.2
Dodging        | |  0.7

Action                   |  1- 3 |  4- 6 |  7- 9 || total
-------------------------+-------+-------+-------++-------
Melee: Long sword        |    68 |   202 |   151 ||   421
       Headbutt          |    11 |    40 |    28 ||    79
Throw: Throwing net      |       |       |     2 ||     2
Invok: Burn Spellbooks   |       |       |     1 ||     1
  Use: Scroll            |     7 |     8 |    14 ||    29
       Potion            |     2 |     4 |     9 ||    15
 Stab: Held in net/web   |       |       |     1 ||     1
  Eat: Chunk             |       |     3 |     5 ||     8
       Bread ration      |       |     1 |     1 ||     2
       Fruit             |       |       |     1 ||     1
Armor: Scale mail        |     6 |       |       ||     6
       Plate armour      |    44 |   152 |    74 ||   270
Dodge: Dodged            |     8 |    45 |    27 ||    80
Block: Shield            |    48 |   143 |    63 ||   254
       Rpst.: Long sword |     1 |    12 |     8 ||    21
